 Dungeon Crawl Stone Soup version 0.31-a0-1082-g7d1fb776a8 (webtiles) character file.

Game seed: 12857700817852170692

122 Nedwor the Cutter (level 5, 0/41 HPs)
             Began as a Merfolk Gladiator on Nov 27, 2023.
             Slain by a sleepcap (6 damage)
             ... on level 4 of the Dungeon.
             The game lasted 00:02:13 (2382 turns).

Nedwor the Cutter (Merfolk Gladiator)               Turns: 2382, Time: 00:02:13

Health: 0/41       AC:  4    Str: 15    XL:     5   Next: 6%
Magic:  5/5        EV: 14    Int:  7    God:
Gold:   169        SH:  5    Dex: 17    Spells: 4/4 levels left

rFire   . . .        a - +0 rapier
rCold   . . .        s - orb {mayhem}
rNeg    . . .        b - +0 leather armour
rPois   .            c - +0 helmet
rElec   .            (no cloak)
rCorr   .            (no gloves)
SInv    .            (no boots)
Will    .....        p - amulet of reflection
Stlth   +            (no ring)
HPRegen 0.26/turn    (no ring)
MPRegen 0.09/turn

%: mayhem, reflection
@: no status effects
A: (nimble swimmer 2), mertail
a: no special abilities


You were on level 4 of the Dungeon.
You visited 1 branch of the dungeon, and saw 4 of its levels.

You collected 169 gold pieces.

Inventory:

Hand Weapons
 a - a +0 rapier (weapon)
Missiles
 d - 3 throwing nets (quivered)
 e - a javelin
Armour
 b - a +0 leather armour (worn)
 c - a +0 helmet (worn)
 s - an orb of mayhem (worn)
Jewellery
 h - a ring of magical power
 p - an amulet of reflection (around neck)
Scrolls
 f - a scroll of fear {unknown}
 j - 2 scrolls of enchant armour {unknown}
 k - a scroll of silence {unknown}
 n - a scroll of vulnerability {unknown}
 q - a scroll of identify {unknown}
 r - a scroll of poison {unknown}
Potions
 g - a potion of lignification {unknown}
 i - 4 potions of haste {unknown}
 l - a potion of attraction {unknown}
 m - a potion of curing {unknown}
 o - a potion of might {unknown}


   Skills:
 + Level 3.2 Fighting
 * Level 5.4 Short Blades
 - Level 2.0 Throwing
 + Level 5.1 Dodging


You had 4 spell levels left.
You didn't know any spells.
Your spell library contained the following spells:

 Spells                   Type           Power      Damage    Failure   Level
 Sting                    Tmut/Pois      0%         1d3       50%         1
 Lesser Beckoning         Tloc           0%         N/A       65%         2
 Poisonous Vapours        Pois/Air       0%         N/A       65%         2
 Gell's Gravitas          Tloc           0%         N/A       86%         3
 Teleport Other           Tloc           0%         N/A       86%         3
 Olgreb's Toxic Radiance  Pois           0%         N/A       99%         4


Dungeon Overview and Level Annotations

Branches:
Dungeon (4/15)
 Temple: D:4-7

Altars:
Dithmenos
Makhleb

Shops:
D:1 =

Annotations:
D:3 1 runed translucent door, Moodymarshmallow's ghost, amateur HOBe
D:4 Pikel


Innate Abilities, Weirdness & Mutations

((You are very nimble when in or above water. (Stealth+, EV+, Speed+++)))
Your lower body shifts to a powerful aquatic tail in water.


Message History

The lemure barely misses you.
A goblin comes into view. It is wielding a +0 club.
The lemure hits you but does no damage. The lemure completely misses you.
Unknown command.
You hit the lemure but do no damage.
The lemure is lightly wounded.
The lemure hits you. The lemure barely misses you.
The sleepcap releases spores at you.
Unknown command.
You closely miss the lemure.
The lemure is lightly wounded.
The lemure hits you but does no damage. The sleepcap barely misses you.
You completely miss the lemure.
The lemure is lightly wounded.
The lemure misses you. The lemure hits you.
The lemure hits you but does no damage. Pikel closely misses you.
The sleepcap barely misses you.
Unknown command.
You are too injured to fight recklessly!
Unknown command.
You are too injured to fight recklessly!
You are too injured to fight recklessly!
Unknown command.
You are too injured to fight recklessly!
Unknown command.
You are too injured to fight recklessly!
You are too injured to fight recklessly!
You are too injured to fight recklessly!
Unknown command.
You hit the lemure.
The lemure is lightly wounded.
The lemure hits you but does no damage. The lemure hits you!
* * * LOW HITPOINT WARNING * * *
The lemure hits you.
* * * LOW HITPOINT WARNING * * *
Pikel says, "Hell isn't that bad."
Pikel zaps a wand.
The bolt of dispelling energy misses you.
The sleepcap releases spores at you.
You die...

.# :# .# #
####.##.##
#.####.?.......
...........?#
###..O.......
#....5#.##
#.#.#@5..#
......f5K.<..#
..#.#.#5...###
#....g#.## ...
..#.#
#......... #...
.....##
#...>....


You could see Pikel, an ogre, 4 lemures, a sleepcap and a goblin.

Vanquished Creatures
  Jessica (D:3)
  A gnoll (D:1)
  An adder (D:3)
  3 worms
  2 dart slugs
  3 orcs (D:3)
  4 ball pythons
  5 bats
  6 endoplasms
  3 giant cockroaches
  2 goblins
  3 hobgoblins
  6 jackals
  5 kobolds
  4 quokkas
  5 frilled lizards
  4 rats
58 creatures vanquished.

Notes
Turn   | Place    | Note
-------+----------+-------------------------------------------
     0 | D:1      | Nedwor the Merfolk Gladiator began the quest for the Orb.
     0 | D:1      | Reached XP level 1. HP: 16/16 MP: 1/1
   165 | D:1      | Found Bell's Jewellery Emporium.
   189 | D:1      | Reached XP level 2. HP: 23/23 MP: 2/2
   431 | D:1      | Reached XP level 3. HP: 18/28 MP: 3/3
   610 | D:2      | Found a faded altar of an unknown god.
  1506 | D:3      | Noticed Moodymarshmallow's ghost (amateur HOBe)
  1506 | D:3      | Found a runed translucent door.
  1552 | D:3      | Reached XP level 4. HP: 34/34 MP: 4/4
  1612 | D:3      | Reached skill level 5 in Short Blades
  1813 | D:3      | Found a shadowy altar of Dithmenos.
  1815 | D:3      | Found a burning altar of Makhleb.
  1921 | D:3      | Noticed Jessica
  1937 | D:3      | Killed Jessica
  1938 | D:3      | Reached skill level 5 in Dodging
  2014 | D:3      | Reached XP level 5. HP: 39/41 MP: 5/5
  2373 | D:4      | Noticed Pikel
  2373 | D:4      | Noticed a lemure
  2373 | D:4      | Noticed a lemure
  2373 | D:4      | Noticed a lemure
  2373 | D:4      | Noticed a lemure
  2377 | D:4      | Noticed an ogre
  2382 | D:4      | Slain by a sleepcap

Illustrated notes

Levels and vault maps discovered:
D:1:      heliophobic_arrival_henge, layout_rooms, serial_shops, shop
D:2:      layout_loops_ring, nicolae_ecumenical_oubliette,
          kennysheep_generic_room_5
D:3:      layout_loops_cross, chequers_temple_overflow_statue_of_worship,
          hellmonk_ghost_happy_afterlife, uniq_jessica
D:4:      layout_loops_ring, grunt_temple_overflow_open, uniq_robin, uniq_pikel

Skill      XL: |  1  2  3  4 |
---------------+-------------+-----
Short Blades   | 4 5 |  5.4
Fighting       | 3 |  3.2
Dodging        | 5 |  5.1
Throwing       | |  2.0

Action                     |  1- 3 |  4- 6 || total
---------------------------+-------+-------++-------
  Melee: Rapier            |   122 |    83 ||   205
   Stab: Sleeping          |     3 |       ||     3
 Armour: Leather armour    |    53 |    38 ||    91
  Dodge: Dodged            |    78 |    70 ||   148

Table legend: (Time is in decaauts)
 A = Elapsed time spent in this place.
 B = Non-inter-level travel time spent in this place.
 C = Inter-level travel time spent in this place.
 D = Time resting spent in this place.
 E = Time spent auto-exploring this place.
 F = Levels seen in this place.
 G = Mean time per level.
                   A        B        C        D        E       F      G
               +--------+--------+--------+--------+--------+-----+--------+
         Total |   2376 |   2214 |    162 |    179 |   1630 |   4 |  594.0 |
       Dungeon |   2376 |   2214 |    162 |    179 |   1630 |   4 |  594.0 |
               +--------+--------+--------+--------+--------+-----+--------+

Top non-repeatable levels by time:
     D:2: 1080 daAuts
     D:3: 763 daAuts
     D:1: 524 daAuts
     D:4: 8 daAuts
